 Dungeon Crawl Stone Soup version 0.16.0-11-gd45b091 (webtiles) character file.

584 maniek23 the Covert (level 7, -2/48 HPs)
             Began as a Vampire Enchanter on Mar 17, 2015.
             Slain by Duvessa
             ... wielding a +0 short sword
              (12 damage)
             ... on level 5 of the Dungeon.
             The game lasted 00:36:29 (5448 turns).

maniek23 the Covert (Vampire Enchanter)             Turns: 5448, Time: 00:36:29

Health: -2/48      AC:  0    Str:  3    XL:     7   Next: 14%
Magic:  10/12      EV: 22    Int: 17    God:
Gold:   231        SH:  0    Dex: 20    Spells: 3 memorised, 5 levels left

rFire  . . .     SeeInvis +     a - melded +1 dagger
rCold  . . .     Clarity  .     f - melded +1 leather armour
rNeg   + + .     SustAb   .     (shield currently unavailable)
rPois  .         Gourm    .     (helmet currently unavailable)
rElec  .         Spirit   .     u - melded +0 cloak
rCorr  .         Warding  +     t - melded +0 pair of gloves
rMut   .         Stasis   .     y - melded +0 pair of boots
MR     .....                    E - amulet of warding
Stlth  +++++.....               N - melded ring of wizardry
                                p - melded +4 ring of dexterity

@: bat-form, flying, very quick, not resistant to hostile enchantments, quite
stealthy
A: bottle blood, (fangs 0), see invisible, (unbreathing)
a: End Transformation


You were on level 5 of the Dungeon.
You were not thirsty.
You were in vampire-bat-form.
You visited 1 branch of the dungeon, and saw 5 of its levels.

You collected 231 gold pieces.

Inventory:

Hand weapons
 a - a +1 dagger (melded)
 d - a +0 hand crossbow
 s - a +0 blowgun
 C - a +0 short sword
 G - a +0 spear of distortion
Missiles
 e - 19 bolts
 n - 13 stones
 I - 20 poisoned needles (quivered)
Armour
 b - a +1 robe
 f - a +1 leather armour (melded)
 j - a +0 leather armour
 o - a +0 chain mail
 t - a +0 pair of gloves (melded)
 u - a +0 cloak (melded)
 y - a +0 pair of boots (melded)
Jewellery
 p - a +4 ring of dexterity (melded)
 r - an uncursed ring of invisibility
 E - an amulet of warding (around neck)
 N - a ring of wizardry (melded)
Magical devices
 H - a wand of hasting (5)
Scrolls
 g - a scroll of teleportation {unknown}
 m - 4 scrolls of remove curse
 v - 2 scrolls of immolation {unknown}
 w - a scroll of magic mapping {unknown}
 x - 2 scrolls of enchant armour
 B - 3 scrolls of identify
 D - a scroll of blinking {unknown}
 J - a scroll of fear {unknown}
 K - a scroll of random uselessness {unknown}
 L - a scroll of noise {unknown}
Potions
 h - 2 potions of flight
 i - a potion of ambrosia {unknown}
 k - a potion of berserk rage {unknown}
 l - a potion of restore abilities {unknown}
 q - 10 potions of blood
 z - 2 potions of agility {unknown}
 A - a potion of poison {unknown}
 F - a potion of magic {unknown}
Books
 c - a book of Maledictions

   Spells                             Type                      Level
   a - Corona                         Hexes                        1
   b - Sure Blade                     Hexes/Charms                 2
   c - Ensorcelled Hibernation        Hexes/Ice                    2
   d - Confuse                        Hexes                        3
   e - Dazzling Spray                 Conjuration/Hexes            3
   f - Enslavement                    Hexes                        4


   Skills:
 + Level 1.5 Fighting
 + Level 2.1 Short Blades
 + Level 1.7 Crossbows
 + Level 1.0 Throwing
 + Level 2.1 Armour
 + Level 3.4 Dodging
 + Level 8.0 Stealth
 + Level 2.6 Spellcasting
 + Level 5.4 Hexes
 + Level 0.2 Evocations


You had 5 spell levels left.
You knew the following spells:

 Your Spells              Type           Power        Failure   Level  Hunger
a - Corona                Hex            ###....      8%          1    #......
b - Sure Blade            Hex/Chrm       ##........   28%         2    ##.....
c - Confuse               Hex            ###.....     21%         3    ###....


Dungeon Overview and Level Annotations

Branches:
Dungeon (5/15)
 Temple: D:4-7

Altars:
Ashenzari
Makhleb
The Shining One

Annotations:
D:5 Duvessa


Innate Abilities, Weirdness & Mutations

You can bottle blood from corpses.
((You have razor-sharp teeth.))
You have supernaturally acute eyesight.
((You can survive without breathing.))


Message History

You bite Duvessa, but do no damage.
Duvessa is lightly wounded.
Duvessa hits you with a short sword! Duvessa hits you but does no damage.
Duvessa hits you with a short sword! Duvessa hits you with a short sword!
* * * LOW HITPOINT WARNING * * *
There is an open door here.
Use which ability? (? or * to list)
You can't do that.
Use which ability? (? or * to list)
You turn into a vampire bat.
Your +1 dagger melds into your body.
Your +0 cloak melds into your body.
Your +0 pair of gloves melds into your body.
Your +0 pair of boots melds into your body.
Your +1 leather armour melds into your body.
Your +4 ring of dexterity melds into your body.
Your ring of wizardry melds into your body.
You feel clumsy. Duvessa hits you with a short sword!
You die...

### ##+###..#
##.......# . .
+...)....#.....#
#........+.....+
#....###+#.....#+###..
##...#.............#..
##..e#...........♣....
#....b...............+
###+##...........<....
#..........#+#........
...........#...♣...♣..
...........#...#%.....
...........'..##..#...
..........#..##..#...
.........##+##..#...
............#..#...


You could see Duvessa (berserk).

Vanquished Creatures
  The ghost of gasznak the Skirmisher, an average DsBe of Trog (D:4)
  A scorpion (D:5)
  A crimson imp (D:4)
  Dowan (D:5)
  3 hounds (D:4)
  Terence (D:3)
  7 adders
  3 worms
  An adder skeleton (D:4)
  2 giant geckos
  An orc (D:3)
  6 bats
  A bat skeleton (D:4)
  A bat zombie (D:5)
  3 giant cockroaches
  9 goblins
  14 hobgoblins
  11 jackals
  13 kobolds
  2 quokkas (D:2)
  3 giant newts
  13 rats
98 creatures vanquished.

Notes
Turn   | Place    | Note
--------------------------------------------------------------
     0 | D:1      | maniek23, the Vampire Enchanter, began the quest for the Orb.
     0 | D:1      | Reached XP level 1. HP: 13/13 MP: 3/3
   387 | D:1      | Reached XP level 2. HP: 1/19 MP: 4/4
   749 | D:1      | Reached skill level 5 in Stealth
  1271 | D:2      | Reached XP level 3. HP: 24/24 MP: 6/6
  1529 | D:2      | Learned a level 2 spell: Sure Blade
  1636 | D:2      | Reached skill level 6 in Stealth
  1744 | D:2      | Found a shattered altar of Ashenzari.
  1754 | D:2      | Noticed Terence
  2304 | D:2      | Found a burning altar of Makhleb.
  2306 | D:2      | Found a glowing golden altar of the Shining One.
  2352 | D:2      | Reached XP level 4. HP: 31/31 MP: 7/7
  2526 | D:2      | Learned a level 3 spell: Confuse
  2986 | D:3      | Reached skill level 1 in Armour
  3306 | D:3      | Reached skill level 1 in Fighting
  3561 | D:3      | Killed Terence
  3663 | D:3      | Reached XP level 5. HP: 27/37 MP: 6/9
  4156 | D:4      | Reached skill level 1 in Crossbows
  4257 | D:4      | Noticed gasznak's ghost (average DsBe)
  4281 | D:4      | Killed gasznak's ghost
  4281 | D:4      | Reached skill level 7 in Stealth
  4281 | D:4      | Reached skill level 5 in Hexes
  4281 | D:4      | Reached XP level 6. HP: 33/43 MP: 8/11
  5223 | D:5      | Entered Level 5 of the Dungeon
  5326 | D:5      | Reached skill level 8 in Stealth
  5326 | D:5      | Reached XP level 7. HP: 34/48 MP: 12/12
  5434 | D:5      | Noticed Dowan
  5437 | D:5      | Noticed Duvessa
  5439 | D:5      | Killed Dowan
  5439 | D:5      | Reached skill level 1 in Throwing
  5448 | D:5      | Slain by Duvessa

Action                   |  1- 3 |  4- 6 |  7- 9 || total
-------------------------+-------+-------+-------++-------
Melee: Dagger            |   103 |   117 |     6 ||   226
 Fire: Hand crossbow     |    14 |    38 |       ||    52
       Blowgun           |       |     8 |       ||     8
 Cast: Sure Blade        |     1 |       |       ||     1
       Confuse           |       |     4 |       ||     4
 Abil: Evoke Invisibilit |     2 |       |       ||     2
       Bat Form          |       |       |     1 ||     1
  Use: Potion            |     3 |     5 |     1 ||     9
       Scroll            |       |     3 |       ||     3
 Stab: Sleeping          |     9 |    14 |     1 ||    24
       Confused          |       |     1 |       ||     1
  Eat: Corpse            |       |     3 |       ||     3
